AoeStats
← DKing

Nomad

509960175Analyzed
4v4 RM · 3d ago on Sep 28, 2026· 48m 28s· 8 players
Game mode
Random Map
Map size
231×231
Population
200
Speed
Normal
Resources
Standard
Victory
Conquest
Starting age
Dark Age
Ending age
Imperial Age
RankedLock teamsTeams togetherTeam positionsShared explorationLock speedFull tech treeHidden civsTurbo modeCheats
Victory
Defeat
🇻🇳 Mapuche · Vietnam
1347
+14
🇦🇷 Italians · Argentina
1282
+17
🇻🇳 Teutons · Vietnam
1268
+17
🇻🇳 Persians · Vietnam
1265
+17
🇩🇪 Varangians · Germany
1324
-16
🇨🇴 Italians · Colombia
1302
-17
🇵🇹 Persians · Portugal
1292
-16
🇩🇪 Inca · Germany
1285
-16
DKing
5:01 Loom
12:20 Feudal Age
13:34 Double-Bit Axe
17:36 Castle Age
16:08 Fishing Lines
19:19 Bow Saw
21:17 Gold Mining
21:59 Medium Warships
22:16 Medium Warships
23:42 Gillnets
24:02 Town Watch
25:14 Wheelbarrow
26:59 Horse Collar
27:43 Hand Cart
28:38 Bloodlines
28:29 Husbandry
29:52 Scale Barding Armor
31:28 Forging
35:24 Imperial Age
34:37 Gold Shaft Mining
34:26 Pikeman
35:26 Scale Mail Armor
35:28 Squires
35:04 Heavy Camel Rider
35:28 Halberdier
36:33 Conscription
37:01 Chain Mail Armor
37:32 Heavy Plow
38:33 Two-Man Saw
39:51 Plate Mail Armor
39:58 Iron Casting
w h i z.
10:01 Loom
12:47 Feudal Age
13:14 Double-Bit Axe
13:32 Town Watch
20:20 Castle Age
18:52 Horse Collar
20:40 Forging
21:10 Medium Warships
24:10 Fletching
24:23 Padded Archer Armor
31:24 Ballistics
30:49 Crossbowman
31:32 Bodkin Arrow
35:32 Thumb Ring
36:05 Bow Saw
36:38 Wheelbarrow
jomanuel28
danntheman
4:48 Loom
13:44 Feudal Age
17:29 Castle Age
15:55 Double-Bit Axe
19:52 Horse Collar
21:37 Bow Saw
22:47 Wheelbarrow
22:02 Town Watch
26:51 Bloodlines
26:42 Husbandry
27:09 Heavy Plow
28:47 Gold Mining
33:48 Imperial Age
31:25 Scale Barding Armor
31:31 Forging
31:40 Fletching
33:34 Hand Cart
34:37 Iron Casting
34:56 Conscription
35:08 Elite Skirmisher
36:33 Crop Rotation
37:05 Two-Man Saw
36:03 Bodkin Arrow
36:09 Padded Archer Armor
36:29 Chain Barding Armor
36:54 Bracer
37:45 Leather Archer Armor
38:44 Blast Furnace
38:32 Ballistics
39:12 Chemistry
39:05 Ring Archer Armor
38:38 Stone Mining
38:39 Vendel Legacy
39:43 Elite Jarl
41:35 Plate Barding Armor
44:50 Chemistry
44:30 Murder Holes
Phu Thuy
5:00 Loom
13:58 Feudal Age
17:39 Castle Age
15:42 Double-Bit Axe
16:05 Horse Collar
17:10 Fishing Lines
19:05 Bow Saw
19:55 Gillnets
22:14 Heavy Plow
23:37 Wheelbarrow
25:25 Gold Mining
26:07 Town Watch
29:24 Imperial Age
27:11 Hand Cart
27:47 Scale Barding Armor
28:15 Forging
28:31 Bloodlines
29:57 Chain Barding Armor
30:22 Iron Casting
30:33 Iron Casting
29:34 Cavalier
31:46 Plate Barding Armor
33:24 Blast Furnace
33:38 Crop Rotation
34:08 Two-Man Saw
33:13 Stone Mining
35:26 Scale Mail Armor
35:22 Elite Teutonic Knight
36:31 Chain Mail Armor
39:06 Plate Mail Armor
40:29 Paladin
TanLN
5:01 Loom
13:47 Feudal Age
18:02 Castle Age
15:50 Double-Bit Axe
18:14 Wheelbarrow
18:13 Forging
19:20 Medium Warships
20:24 Fletching
21:12 Bow Saw
24:06 Bodkin Arrow
26:36 Ballistics
27:27 Padded Archer Armor
31:35 Iron Casting
31:16 Leather Archer Armor
30:58 Horse Collar
35:18 Imperial Age
35:37 Imperial Age
33:39 Heavy Plow
33:31 Gold Mining
34:48 Malon
35:01 Stone Mining
36:25 Elite Bolas Rider
38:38 Ring Archer Armor
38:42 Butalmapu
40:02 Conscription
40:21 Elite Kona
46:10 Chemistry
Tin's
6:51 Loom
14:40 Feudal Age
22:56 Horse Collar
27:39 Castle Age
25:47 Double-Bit Axe
27:19 Gold Mining
28:43 Fishing Lines
28:55 Demolition Ship
29:49 Medium Warships
31:17 Bow Saw
31:59 Wheelbarrow
32:31 Clinker Construction
32:31 Careening
33:49 Hand Cart
34:54 Fishing Lines
40:27 Imperial Age
38:25 Gillnets
38:53 Scale Barding Armor
38:58 Forging
39:29 Bloodlines
39:19 Husbandry
39:39 Heavy Plow
40:17 Gold Shaft Mining
39:33 Stone Mining
40:06 Cavalier
42:00 Iron Casting
41:34 Savar
42:54 Chain Barding Armor
43:18 Town Watch
46:00 Town Patrol
[Ks]LucasDK
3:26 Loom
12:47 Feudal Age
17:52 Castle Age
15:56 Double-Bit Axe
17:54 Fletching
18:19 Gold Mining
19:16 Medium Warships
20:33 Padded Archer Armor
22:52 Bodkin Arrow
23:13 Leather Archer Armor
26:05 Horse Collar
27:45 Wheelbarrow
29:46 Heavy Plow
30:42 Leather Archer Armor
36:14 Imperial Age
35:30 Scale Mail Armor
35:40 Forging
38:22 Bracer
38:54 Ring Archer Armor
38:39 Chain Mail Armor
39:00 Iron Casting
38:59 Squires
43:52 Plate Mail Armor
44:23 Blast Furnace
45:04 Hand Cart
46:10 Blast Furnace
Connection lost

Rejoining the realm…

Still unreachable

The connection could not be restored.

Session expired

The server has moved on; the page needs a fresh start.